 Dungeon Crawl Stone Soup version 0.28-a0-664-gc179e30c89 (webtiles) character file.

Game seed: 12547808108183780152

130 bande the Covered (level 5, -2/33 HPs)
             Began as a Gargoyle Fighter on Oct 15, 2021.
             Slain by a gnoll (8 damage)
             ... on level 2 of the Dungeon.
             The game lasted 00:03:45 (1859 turns).

bande the Covered (Gargoyle Fighter)                Turns: 1859, Time: 00:03:46

Health: -2/33      AC: 11    Str: 20    XL:     5   Next: 13%
Magic:  5/5        EV:  7    Int:  9    God:
Gold:   104        SH: 10    Dex:  9    Spells: 4/4 levels left

rFire   . . .      SeeInvis .   a - +0 war axe
rCold   . . .      Faith    .   j - +2 kite shield
rNeg    + . .      Spirit   .   b - +0 scale mail
rPois   ∞          Reflect  .   (no helmet)
rElec   +          Harm     .   (no cloak)
rCorr   .          Rampage  .   (no gloves)
Will    .....                   (no boots)
Stlth   ..........              (no amulet)
HPRegen 0.11/turn               (no ring)
MPRegen 0.09/turn               (no ring)

@: no status effects
A: sickness immunity, AC +4, negative energy resistance 1, electricity
resistance, torment resistance 1, petrification resistance
a: no special abilities


You were on level 2 of the Dungeon.
You visited 1 branch of the dungeon, and saw 3 of its levels.

You collected 104 gold pieces.

Inventory:

Hand Weapons
 a - a +0 war axe (weapon)
Armour
 b - a +0 scale mail (worn)
 j - a +2 kite shield (worn)
Jewellery
 c - a ring of magical power
 f - a ring of fire
Potions
 d - a potion of might
 e - a potion of magic
 g - 2 potions of curing
 i - a potion of heal wounds {unknown}
 l - a potion of haste {unknown}


   Skills:
 + Level 4.0 Fighting
 + Level 3.1 Axes
 + Level 4.2 Armour
 - Level 0.1 Dodging
 + Level 3.9 Shields


You had 4 spell levels left.
You didn't know any spells.
Your spell library was empty.

Dungeon Overview and Level Annotations

Branches:
Dungeon (3/15)

Altars:

Shops:
D:1 [   D:2 [


Innate Abilities, Weirdness & Mutations

You are immune to sickness and miasma.
Your stone body is resilient. (AC +4)
You are immune to poison.
You resist negative energy. (rN+)
You are resistant to electric shocks. (rElec)
You are resistant to unholy torment.
You are immune to petrification.


Message History

You kill the gnoll!
Your Fighting skill increases to level 4!
You see here a +0 whip.
There is a stone staircase leading down here.
You start resting.
HP restored.
You climb downwards.
The gnoll hits you with a +0 halberd! The gnoll hits you but does no damage.
There is a stone staircase leading up here.
Unknown command.
The gnoll hits you with a +0 halberd.
You climb upwards.
There is a stone staircase leading down here.
You hit the gnoll but do no damage. The gnoll barely misses you.
You closely miss the gnoll. The gnoll hits you with a +0 halberd.
You block the gnoll's attack.
You closely miss the gnoll. The gnoll hits you but does no damage.
You barely miss the gnoll. You block the gnoll's attack. x2
You hit the gnoll.
The gnoll is lightly wounded.
The gnoll barely misses you. The gnoll hits you with a +0 halberd.
You are too injured to fight recklessly!
You are too injured to fight recklessly!
You are too injured to fight recklessly!
You are too injured to fight recklessly!
You are too injured to fight recklessly!
You are too injured to fight recklessly!
You are too injured to fight recklessly!
You are too injured to fight recklessly!
You are too injured to fight recklessly!
You are too injured to fight recklessly!
You hit the gnoll but do no damage.
The gnoll is lightly wounded.
You block the gnoll's attack.
You hit the gnoll.
The gnoll is moderately wounded.
The gnoll hits you with a +0 halberd!
* * * LOW HITPOINT WARNING * * *
The gnoll hits you with a +0 halberd!
You die...

####.........
###########........
#.........###......
#.........#........
#.........#.#...#..
#..........∩..#.###
#.........#.###..##
#)........#.####..#
#g@..........####..
###.....##......##.
##.................
#................##
#................##
#...............<##
#..........?.......
#..................
#................##


You could see a gnoll.

Vanquished Creatures
  A jelly (D:2)
  3 adders (D:2)
  2 gnolls
  A worm (D:2)
  4 dart slugs
  7 endoplasms
  A giant cockroach (D:1)
  3 goblins
  2 hobgoblins
  2 quokkas (D:2)
  3 ball pythons
  8 bats
  2 kobolds (D:1)
  6 rats
45 creatures vanquished.

Notes
Turn   | Place    | Note
-------+----------+-------------------------------------------
     0 | D:1      | bande the Gargoyle Fighter began the quest for the Orb.
     0 | D:1      | Reached XP level 1. HP: 14/14 MP: 1/1
   165 | D:1      | Found Quawk's Antique Armour Boutique.
   202 | D:1      | Reached XP level 2. HP: 15/19 MP: 2/2
   361 | D:1      | Found a faded altar of an unknown god.
   860 | D:2      | Found Tigo's Antique Armour Boutique.
   866 | D:2      | Reached XP level 3. HP: 12/23 MP: 3/3
  1029 | D:2      | Reached XP level 4. HP: 23/29 MP: 4/4
  1725 | D:3      | Reached XP level 5. HP: 20/33 MP: 5/5
  1859 | D:2      | Slain by a gnoll

Illustrated notes

Levels and vault maps discovered:
D:1:      dpeg_arrival_round_b, layout_rooms, ebering_ecumenical_altar_ruins,
          serial_shops, shop, supply_closet_lemuel
D:2:      layout_rooms, serial_shops, nicolae_shop_crystal, minmay_unequal
D:3:      layout_loops_ring, uniq_terence

Skill      XL: |  1  2  3  4  5 |
---------------+----------------+-----
Axes           | 2 3 |  3.1
Armour         | 4 |  4.2
Fighting       | 4 |  4.0
Dodging        | |  0.1
Shields        | |  3.9

Action                   |  1- 3 |  4- 6 || total
-------------------------+-------+-------++-------
Melee: War axe           |    55 |    75 ||   130
  Use: Scroll            |     4 |     2 ||     6
Armor: Scale mail        |    32 |    37 ||    69
Dodge: Dodged            |    35 |    26 ||    61
Block: Buckler           |    16 |     1 ||    17
       Kite shield       |       |    40 ||    40

Table legend: (Time is in decaauts)
 A = Elapsed time spent in this place.
 B = Non-inter-level travel time spent in this place.
 C = Inter-level travel time spent in this place.
 D = Time resting spent in this place.
 E = Time spent auto-exploring this place.
 F = Levels seen in this place.
 G = Mean time per level.
                   A        B        C        D        E       F      G
               +--------+--------+--------+--------+--------+-----+--------+
         Total |   1926 |   1868 |     58 |    243 |   1232 |   3 |  642.0 |
       Dungeon |   1926 |   1868 |     58 |    243 |   1232 |   3 |  642.0 |
               +--------+--------+--------+--------+--------+-----+--------+

Top non-repeatable levels by time:
     D:1: 992 daAuts
     D:2: 868 daAuts
     D:3: 65 daAuts
